 Dungeon Crawl Stone Soup version 0.22.0-5-gf09313c8f9 (webtiles) character file.

5142 Syrinius the Grappler (level 10, -2/92 HPs)
             Began as a Naga Transmuter on Aug 14, 2018.
             Killed by divine providence
             ... invoked by an orc priest
              (8 damage)
             ... on level 9 of the Dungeon.
             The game lasted 00:58:57 (10850 turns).

Syrinius the Grappler (Naga Transmuter)            Turns: 10850, Time: 00:58:58

Health: -2/92      AC:  2    Str: 14    XL:     10   Next: 58%
Magic:  4/16       EV: 22    Int: 14    God:
Gold:   631        SH:  0    Dex: 20    Spells: 8/18 levels left

rFire    . . .     SeeInvis +     - Unarmed
rCold    . . .     Gourm    .   (shield currently unavailable)
rNeg     . . .     Faith    .   (armour currently unavailable)
rPois    x         Spirit   .   (helmet currently unavailable)
rElec    .         Reflect  .   (cloak currently unavailable)
rCorr    .         Harm     .   (gloves currently unavailable)
MR       +....                  (no barding)
Stlth    ++........             (no amulet)
HPRegen  0.25/turn              e - ring of wizardry
MPRegen  0.15/turn              (no ring)

@: spider-form (expiring)
A: tiny, see invisible, agile 1, sense surroundings 1, slow metabolism 1, spit
poison 1, AC +3
a: Spit Poison, End Transformation


You were on level 9 of the Dungeon.
You were hungry.
You were a venomous arachnid creature.
You visited 2 branches of the dungeon, and saw 10 of its levels.
You also visited: Ossuary.

You collected 631 gold pieces.

Inventory:

Hand Weapons
 B - a +0 trident
Missiles
 a - 136 arrows
 D - 8 tomahawks (quivered)
Armour
 h - a +0 pair of gloves (melded)
 r - +0 steam dragon scales (melded)
 x - a +0 robe of cold resistance
 E - a +2 hat (melded)
Jewellery
 e - a ring of wizardry (left front leg)
Wands
 F - a wand of digging (7)
 G - a wand of paralysis (11)
Scrolls
 b - 3 scrolls of fog {unknown}
 f - 3 scrolls of teleportation
 i - a scroll of enchant weapon {unknown}
 j - a scroll of blinking
 n - a scroll of random uselessness {unknown}
 o - 5 scrolls of remove curse
 p - a scroll of magic mapping {unknown}
 q - a scroll of amnesia {unknown}
 t - a scroll of acquirement {unknown}
 y - a scroll of torment {unknown}
 z - 2 scrolls of fear {unknown}
 H - a scroll of immolation {unknown}
Potions
 c - 3 potions of cancellation
 g - a potion of berserk rage {unknown}
 k - a potion of brilliance {unknown}
 l - a potion of curing {unknown}
 s - a potion of might
 u - a potion of ambrosia {unknown}
 v - a potion of invisibility {unknown}
 w - a potion of agility {unknown}
 A - 2 potions of mutation
Comestibles
 d - 10 rations


   Skills:
 + Level 6.4 Fighting
 - Level 2.0 Armour
 - Level 4.0 Dodging
 * Level 9.6 Unarmed Combat
 + Level 4.6 Spellcasting
 * Level 7.0 Transmutations
 * Level 5.0 Poison Magic


You had 8 spell levels left.
You knew the following spells:

 Your Spells              Type           Power        Failure   Level  Hunger
a - Beastly Appendage     Tmut           ###...       2%          1    None
b - Sticks to Snakes      Tmut           ###.....     2%          2    ##.....
c - Spider Form           Tmut/Pois      ###.......   6%          3    ###....
d - Olgreb's Toxic Radia  Pois           ###.....     19%         4    ####...

Your spell library contained the following spells:

 Spells                   Type           Power        Failure   Level  Hunger
 Mephitic Cloud           Conj/Pois/Air  #.......     21%         3    ###....
 Venom Bolt               Conj/Pois      ##........   71%         5    ######.
 Sting                    Conj/Pois      ##..         7%          1    None
 Blade Hands              Tmut           ###.......   22%         5    ######.
 Ice Form                 Ice/Tmut       ##......     30%         4    ####...
 Poisonous Vapours        Pois/Air       ##....       10%         2    ##.....


Dungeon Overview and Level Annotations

Branches:
Dungeon (9/15)             Temple (1/1) D:6
   Lair: D:8-11         Orc: D:9-12

Altars:
Ashenzari
Dithmenos
Elyvilon
Fedhas
Gozag
Hepliaklqana
Kikubaaqudgha
Makhleb
Nemelex Xobeh
Okawaru
Qazlal
Ru
Sif Muna
Trog
Uskayaw
Vehumet
Wu Jian
Xom
Yredelemnul
Zin
The Shining One

Shops:
D:4 :

Annotations:
D:8 Erica


Innate Abilities, Weirdness & Mutations

You cannot wear boots.
((Your serpentine skin is tough. (AC +3)))
You have supernaturally acute eyesight. (SInv)
((Armour fits poorly on your strangely shaped body.))
((Your system is resistant to poisons. (rPois)))
((You cover ground very slowly.))
You have a slow metabolism.
You can spit poison.
You are agile. (Dex +2)
You passively map a small area around you.


Message History

Unknown command.
You hit the orc.
The orc is poisoned.
The orc is moderately wounded.
The orc priest completely misses you.
Your adder bites the orc.
Your ball python completely misses the orc.
Your ball python grabs the orc.
Your ball python constricts the orc.
Unknown command.
You hit the orc.
You kill the orc!
Your adder bites the necrophage.
The orc priest closely misses you.
The necrophage barely misses your adder.
The ice beast hits you.
* * * LOW HITPOINT WARNING * * *
The ice beast freezes you!
* * * LOW HITPOINT WARNING * * *
Your adder bites the ice beast but does no damage.
The orc priest completely misses your adder.
The orc priest invokes the aid of Beogh against you.
Beogh smites you!
You die...

*#... , #..# ######..#
#..# ........#####..#
,...............#
...............#
,........#####..# ,
........# #..# ........#
#s.#
.......)#####..##########
.......)((n.YS........(.#
........(S.ooS..).......#
.
,......†(#########..######
. ......)<# #..# .
........# #..# # ######..#
#..# # #..# #..#


You could see an ice beast, 2 orc priests, a friendly adder and a friendly ball
python.

Vanquished Creatures
  A two-headed ogre (D:9)
  Pikel (D:5)
  An ugly thing (D:9)
  Grinder (D:5)
  Sigmund (D:6)
  Grum (D:8)
  3 ice beasts
  3 slaves (D:5)
  A sky beast (D:7)
  4 orc warriors
  3 ogres
  2 wolves (D:8)
  3 centaurs
  A gnoll sergeant (D:9)
  3 bullfrogs
  2 water moccasin zombies (Ossuary)
  3 scorpions
  3 crimson imps
  5 howler monkeys
  A jelly (D:6)
  3 hounds
  A centaur skeleton (D:5)
  An orc priest (D:7)
  A bullfrog skeleton (D:6)
  An iguana (D:6)
  8 orc wizards
  5 worker ants
  A killer bee zombie (D:5)
  5 big kobold zombies (Ossuary)
  2 hound zombies (D:6)
  A hound skeleton (D:7)
  A mummy (Ossuary)
  7 gnolls
  11 adders
  2 shadow imps (D:6)
  An ooze (D:4)
  6 adder zombies (Ossuary)
  2 worms
  A dart slug (D:2)
  5 leopard geckos
  9 orcs
  3 ball pythons
  8 giant cockroaches
  5 gnoll zombies (Ossuary)
  8 goblins
  7 hobgoblins
  5 jackals (D:4)
  6 kobolds
  8 quokkas
  4 bats
  3 frilled lizards
  5 hobgoblin zombies (Ossuary)
  A jackal skeleton (D:4)
  6 kobold zombies (Ossuary)
  A leopard gecko zombie (D:5)
  6 orc zombies (Ossuary)
  11 rats
204 creatures vanquished.

Vanquished Creatures (collateral kills)
  A centaur (D:3)
  2 water moccasin zombies (Ossuary)
  A mummy (Ossuary)
  2 adder zombies (Ossuary)
  A hobgoblin zombie (Ossuary)
  A kobold zombie (Ossuary)
8 creatures vanquished.

Grand Total: 212 creatures vanquished

Notes
Turn   | Place    | Note
-------+----------+-------------------------------------------
     0 | D:1      | Syrinius the Naga Transmuter began the quest for the Orb.
     0 | D:1      | Reached XP level 1. HP: 18/18 MP: 3/3
   334 | D:1      | Reached XP level 2. HP: 15/25 MP: 3/5
   862 | D:1      | Learned a level 2 spell: Sticks to Snakes
   870 | D:1      | Reached XP level 3. HP: 31/31 MP: 4/6
  1937 | D:3      | Noticed a centaur
  1989 | D:3      | Reached XP level 4. HP: 38/39 MP: 7/7
  2053 | D:3      | Learned a level 3 spell: Spider Form
  2078 | D:3      | Found an ancient bone altar of Kikubaaqudgha.
  2095 | D:3      | Found a blossoming altar of Fedhas.
  2150 | D:3      | Found a radiant altar of Vehumet.
  2625 | D:3      | Killed a centaur
  2625 | D:3      | Reached XP level 5. HP: 17/46 MP: 2/8
  2841 | D:3      | Found a blossoming altar of Fedhas.
  2954 | D:3      | Reached skill level 1 in Poison Magic
  3263 | D:4      | Found a sand-covered staircase.
  3272 | Ossuary  | Entered an ossuary
  3455 | Ossuary  | Reached skill level 4 in Unarmed Combat
  3479 | Ossuary  | Reached XP level 6. HP: 39/55 MP: 7/9
  3896 | Ossuary  | Reached skill level 1 in Armour
  3933 | Ossuary  | Reached XP level 7. HP: 34/62 MP: 1/11
  4672 | D:4      | Found Cubiupt's Book Shop.
  4672 | D:4      | Found a white marble altar of Elyvilon.
  5101 | D:5      | Entered Level 5 of the Dungeon
  5112 | D:5      | Noticed Grinder
  5446 | D:5      | Found a basalt altar of Yredelemnul.
  5676 | D:5      | Reached skill level 5 in Unarmed Combat
  5676 | D:5      | Reached XP level 8. HP: 42/72 MP: 10/12
  6155 | D:5      | Reached skill level 5 in Transmutations
  6488 | D:5      | Noticed Pikel
  6503 | D:5      | Killed Pikel
  6503 | D:5      | Reached skill level 5 in Fighting
  6503 | D:5      | Reached skill level 6 in Unarmed Combat
  6506 | D:5      | Reached XP level 9. HP: 43/81 MP: 7/14
  6676 | D:5      | Found a deep blue altar of Sif Muna.
  6677 | D:5      | Found an iron altar of Okawaru.
  6677 | D:5      | Found an ornate altar of the Wu Jian Council.
  6775 | D:5      | Killed Grinder
  7040 | D:5      | Found an opulent altar of Gozag.
  7041 | D:5      | Found a glowing silver altar of Zin.
  7113 | D:6      | Noticed Sigmund
  7475 | D:6      | Found a staircase to the Ecumenical Temple.
  7482 | Temple   | Entered the Ecumenical Temple
  7722 | D:6      | Found a hide-covered altar of Uskayaw.
  7956 | D:6      | Killed Sigmund
  8050 | D:6      | Reached skill level 7 in Unarmed Combat
  8765 | D:7      | Reached skill level 8 in Unarmed Combat
  9056 | D:8      | Reached skill level 9 in Unarmed Combat
  9066 | D:8      | Learned a level 4 spell: Olgreb's Toxic Radiance
  9180 | D:8      | Noticed Grum
  9186 | D:8      | Killed Grum
  9186 | D:8      | Reached XP level 10. HP: 79/91 MP: 12/16
  9355 | D:8      | Noticed Erica
  9367 | D:8      | Gained mutation: You are agile. (Dex +2) [potion of mutation]
  9367 | D:8      | Gained mutation: You passively map a small area around you. [potion of mutation]
 10034 | D:9      | Noticed a purple ugly thing
 10053 | D:9      | Killed a purple ugly thing
 10546 | D:9      | Noticed a two-headed ogre
 10567 | D:9      | Killed a two-headed ogre
 10834 | D:9      | Reached skill level 5 in Poison Magic
 10850 | D:9      | Killed from afar by an orc priest

Skill      XL: |  1  2  3  4  5  6  7  8  9 10 |
---------------+-------------------------------+-----
Fighting       | 2 3 4 5 6 |  6.4
Dodging        | 2 3 4 |  4.0
Transmutations | 3 4 5 6 7 |  7.0
Poison Magic   | 1 2 5 |  5.0
Unarmed Combat | 4 5 6 9 |  9.6
Armour         | 1 2 |  2.0
Spellcasting   | 3 4 |  4.6

Action                   |  1- 3 |  4- 6 |  7- 9 | 10-12 || total
-------------------------+-------+-------+-------+-------++-------
Melee: Unarmed           |   121 |   300 |   418 |    94 ||   933
       Headbutt          |    15 |    49 |    57 |     4 ||   125
       Punch             |       |     4 |    14 |       ||    18
 Cast: Beastly Appendage |    29 |    33 |    52 |     2 ||   116
       Sticks to Snakes  |       |     8 |    16 |    15 ||    39
       Spider Form       |       |       |    10 |     7 ||    17
 Abil: Spit Poison       |     9 |     4 |    24 |     2 ||    39
  Use: Potion            |       |     1 |       |     4 ||     5
       Scroll            |       |     2 |     4 |     1 ||     7
 Stab: Sleeping          |     1 |     1 |     1 |       ||     3
       Distracted        |       |     1 |       |       ||     1
  Eat: Chunk             |     3 |     5 |    13 |     5 ||    26
       Ration            |       |     1 |     1 |       ||     2
Armor: Robe              |    25 |    11 |       |       ||    36
       Steam dragon scal |       |    77 |   103 |     5 ||   185
       Skin              |       |       |     1 |     2 ||     3
Dodge: Dodged            |    53 |   141 |   209 |   105 ||   508
